Penguins vs Devils

Created - 2 novembre 2025 at 22:10

Goals
1 2 3 T
Penguins 0 1 0 1
Devils 2 0 1 3
Shots
1 2 3 T
Penguins 10 8 9 27
Devils 11 10 11 32

GoalsPenalties
1st period
1. Devils , Travis Konecny 7 (Jake Middleton 2, Leon Draisaitl 9) at 12:53
2. Devils , Mathieu Joseph 2 (Nils Hoglander 1) at 18:05
Damon Severson (NJD) for Roughing (Minor) at 1:43
2nd period
3. Penguins , Emil Lilleberg 1 (Danton Heinen 2, Dylan Guenther 5) at 15:22 (PP)
Nick Suzuki (PIT) for Hooking (Minor) at 3:58
Travis Konecny (NJD) for Tripping (Minor) at 14:36
Leon Draisaitl (NJD) for Elbowing (Minor) at 17:08
3rd period
4. Devils , Aleksander Barkov 3 (Mats Zuccarello 6, Alexander Wennberg 3) at 16:25 (PP)
Jordan Harris (PIT) for Roughing (Minor) at 16:02
Wyatt Johnston (NJD) for High sticking (Minor) at 17:08
Goalie Stats
Jakub Dobes (PIT), 29 saves from 32 shots - (0,906), L, 3-3-0, 60:00 minutes
Andrei Vasilevskiy (NJD), 26 saves from 27 shots - (0,963), W, 7-4-0, 60:00 minutes
3 StarsOfficial
1 - Andrei Vasilevskiy (NJD)
2 - Mathieu Joseph (NJD)
3 - Aleksander Barkov (NJD)
Referees : Furman South and Frederick L'Ecuyer
Linesman : Justin Cornell and Neil Campbell
Game Note
No Game Note
Finance
Level 1 -- Attendance: 5938 (98,97%) -- Ticket Income $665,056
Level 2 -- Attendance: 4697 (93,94%) -- Ticket Income $380,457
Level 3 -- Attendance: 2000 (100,00%) -- Ticket Income $160,000
Level 4 -- Attendance: 2792 (77,02%) -- Ticket Income $41,880
Luxury Box -- Attendance: 1000 (100,00%) -- Ticket Income $195,000
Game was played at the Prudential Center.
Total Attendance: 16427 (93,20%)
Total Ticket Income: $1,442,393
Other Income: $360,598
Total Income: $1,802,991



Team Name Goals Shots Shots Attemp Shots Blocked PIM HIT PP PK FO%
Penguins 12758144231 / 4 (25%)146%
Devils 3327298311 / 2 (50%)154%

Penguins
Player Name POS G A P +/- PIM HIT SHT SB MP PP MP PP SHT PK MP PK SHT FO% FOT
Barrett HaytonC0000014019:423:2210:40045% 22
Cale FleuryD000-1031014:230:0000:0000% 0
Cole CaufieldRW0000012020:333:2110:0000% 0
Danton HeinenLW0110021119:563:2200:5400% 0
David PerronLW000-1000110:340:0000:000100% 1
Dylan GuentherRW0110024019:023:2210:000100% 1
Emil LillebergD101-1021120:203:5911:0900% 0
Isac LundestromC000-1002012:160:0001:42054% 13
Jordan HarrisD000-1210014:220:0000:0000% 0
Josh AndersonRW000-100008:570:0001:280100% 1
Kevin KorchinskiD0000010225:172:4401:1300% 0
Logan O'ConnorRW000-1001210:340:0000:0000% 1
Matt RoyD0000033325:172:4421:1300% 0
Nick SuzukiC0000245120:323:2100:00040% 25
Nicolas DeslauriersLW000-102007:290:0000:00040% 10
Nils LundkvistD000-1000220:203:5901:0900% 0
Patrik LaineLW0000011120:333:2100:00050% 2
Zach BensonLW000-100207:290:0000:0000% 0
Devils
Player Name POS G A P +/- PIM HIT SHT SB MP PP MP PP SHT PK MP PK SHT FO% FOT
Aleksander BarkovC1010032019:581:1914:04073% 15
Alexander WennbergC0110001015:061:0014:14043% 7
Casey CizikasC000102009:330:0002:29040% 10
Connor CliftonD0002030013:470:0000:0000% 0
Damon SeversonD0000241119:060:0001:3300% 0
Dougie HamiltonD0000011425:071:1904:1400% 0
Evgeni MalkinC0000001010:521:0000:00053% 15
Jake MiddletonD0112010014:510:0001:0400% 0
Leon DraisaitlC0111213020:451:2200:00060% 20
Mathieu JosephRW101101209:110:0002:0700% 0
Mats ZuccarelloRW0110034015:351:0020:00067% 3
Matt BoldyLW0001022020:461:2200:0000% 1
Mikhail SergachevD0000030124:431:0304:0600% 0
Nils HoglanderLW011100207:040:0000:0000% 1
Taylor HallLW0000002011:271:0300:3200% 0
Thomas HarleyD0000030320:030:0002:2900% 0
Travis KonecnyRW1011248020:451:2200:00033% 3
Wyatt JohnstonC0000203014:340:0000:0000% 1



Play-by-Play

1st period


0:01 of 1st period - Leon Draisaitl wins face-off versus Nick Suzuki in neutral zone.
0:21 of 1st period - Matt Boldy is hit by Matt Roy and loses puck.
0:40 of 1st period - Nick Suzuki is hit by Matt Boldy and loses puck.
1:20 of 1st period - Barrett Hayton is hit by Aleksander Barkov and loses puck.
1:28 of 1st period - Barrett Hayton is hit by Thomas Harley and loses puck.
1:42 of 1st period - Danton Heinen is hit by Damon Severson and loses puck.
1:43 of 1st period - Minor Penalty to Damon Severson for Roughing.
1:44 of 1st period - Alexander Wennberg wins face-off versus Nick Suzuki in Devils zone.
3:13 of 1st period - Shot by Aleksander Barkov.
3:13 of 1st period - Shot Misses the Net.
3:32 of 1st period - Off-side.
3:33 of 1st period - Casey Cizikas wins face-off versus Nick Suzuki in neutral zone.
3:36 of 1st period - Kevin Korchinski is hit by Casey Cizikas.
3:47 of 1st period - Shot by Matt Boldy.
3:47 of 1st period - Shot Blocked by Logan O'Connor.
3:49 of 1st period - Shot by Leon Draisaitl.
3:49 of 1st period - Deflect By Matt Boldy.
3:49 of 1st period - Stopped by Jakub Dobes without a rebound.
3:50 of 1st period - Isac Lundestrom wins face-off versus Leon Draisaitl in Penguins zone.
3:50 of 1st period - Isac Lundestrom is hit by Travis Konecny.
4:03 of 1st period - Shot by David Perron.
4:03 of 1st period - Shot Blocked by Dougie Hamilton.
4:05 of 1st period - Shot by Isac Lundestrom.
4:05 of 1st period - Stopped by Andrei Vasilevskiy with a rebound.
4:07 of 1st period - Shot by Logan O'Connor.
4:07 of 1st period - Shot Misses the Net.
4:09 of 1st period - Shot by Logan O'Connor.
4:09 of 1st period - Stopped by Andrei Vasilevskiy with a rebound.
4:11 of 1st period - Shot by Isac Lundestrom.
4:11 of 1st period - Stopped by Andrei Vasilevskiy without a rebound.
4:12 of 1st period - Nicolas Deslauriers wins face-off versus Casey Cizikas in Devils zone.
4:33 of 1st period - Shot by Nils Hoglander.
4:33 of 1st period - Stopped by Jakub Dobes without a rebound.
4:34 of 1st period - Evgeni Malkin wins face-off versus Nick Suzuki in Penguins zone.
5:16 of 1st period - Shot by Evgeni Malkin.
5:16 of 1st period - Stopped by Jakub Dobes without a rebound.
5:17 of 1st period - Barrett Hayton wins face-off versus Aleksander Barkov in Penguins zone.
5:22 of 1st period - Shot by Barrett Hayton.
5:22 of 1st period - Stopped by Andrei Vasilevskiy without a rebound.
5:23 of 1st period - Aleksander Barkov wins face-off versus Barrett Hayton in Devils zone.
5:38 of 1st period - Shot by Mats Zuccarello.
5:38 of 1st period - Shot Misses the Net.
5:48 of 1st period - Shot by Wyatt Johnston.
5:48 of 1st period - Stopped by Jakub Dobes with a rebound.
5:52 of 1st period - Shot by Mats Zuccarello.
5:52 of 1st period - Shot Blocked by Kevin Korchinski.
5:58 of 1st period - Shot by Wyatt Johnston.
5:58 of 1st period - Stopped by Jakub Dobes without a rebound.
5:59 of 1st period - Leon Draisaitl wins face-off versus Isac Lundestrom in Penguins zone.
6:02 of 1st period - Shot by Travis Konecny.
6:02 of 1st period - Shot Misses the Net.
6:04 of 1st period - Shot by Matt Boldy.
6:04 of 1st period - Shot Misses the Net.
6:24 of 1st period - Shot by Matt Boldy.
6:24 of 1st period - Shot Blocked by David Perron.
6:26 of 1st period - Shot by Matt Boldy.
6:26 of 1st period - Shot Blocked by Nils Lundkvist.
7:14 of 1st period - Shot by Nick Suzuki.
7:14 of 1st period - Stopped by Andrei Vasilevskiy without a rebound.
7:15 of 1st period - Barrett Hayton wins face-off versus Casey Cizikas in Devils zone.
7:42 of 1st period - Shot by Dylan Guenther.
7:42 of 1st period - Shot Hit the Post.
7:44 of 1st period - Shot by Danton Heinen.
7:44 of 1st period - Stopped by Andrei Vasilevskiy without a rebound.
7:45 of 1st period - Josh Anderson wins face-off versus Evgeni Malkin in Devils zone.
8:23 of 1st period - Shot by Alexander Wennberg.
8:23 of 1st period - Shot Misses the Net.
8:53 of 1st period - Shot by Nick Suzuki.
8:53 of 1st period - Stopped by Andrei Vasilevskiy without a rebound.
8:54 of 1st period - Barrett Hayton wins face-off versus Travis Konecny in Devils zone.
8:58 of 1st period - Barrett Hayton is hit by Mikhail Sergachev and loses puck.
9:21 of 1st period - Shot by Barrett Hayton.
9:21 of 1st period - Stopped by Andrei Vasilevskiy without a rebound.
9:22 of 1st period - Mats Zuccarello wins face-off versus Nick Suzuki in Devils zone.
9:22 of 1st period - Mats Zuccarello is hit by Nick Suzuki.
9:27 of 1st period - Mats Zuccarello is hit by Patrik Laine and loses puck.
10:21 of 1st period - Off-side.
10:22 of 1st period - Casey Cizikas wins face-off versus Barrett Hayton in neutral zone.
10:38 of 1st period - Matt Roy is hit by Mikhail Sergachev and loses puck.
11:34 of 1st period - Shot by Travis Konecny.
11:34 of 1st period - Shot Hit the Post.
11:38 of 1st period - Shot by Jake Middleton.
11:38 of 1st period - Shot Misses the Net.
11:40 of 1st period - Shot by Leon Draisaitl.
11:40 of 1st period - Stopped by Jakub Dobes without a rebound.
11:41 of 1st period - Aleksander Barkov wins face-off versus Nicolas Deslauriers in Penguins zone.
11:53 of 1st period - Mats Zuccarello is hit by Jordan Harris.
12:11 of 1st period - Shot by Nicolas Deslauriers.
12:11 of 1st period - Shot Misses the Net.
12:41 of 1st period - Shot by Leon Draisaitl.
12:41 of 1st period - Shot Misses the Net.
12:43 of 1st period - Shot by Travis Konecny.
12:43 of 1st period - Stopped by Jakub Dobes with a rebound.
12:45 of 1st period - Shot by Jake Middleton.
12:45 of 1st period - Shot Misses the Net.
12:51 of 1st period - Shot by Travis Konecny.
12:51 of 1st period - Shot Misses the Net.
12:53 of 1st period - Shot by Travis Konecny.
12:53 of 1st period - Goal by Travis Konecny - Penguins : 0 - Devils : 1.
12:54 of 1st period - Patrik Laine wins face-off versus Evgeni Malkin in neutral zone.
13:01 of 1st period - Shot by Nick Suzuki.
13:01 of 1st period - Stopped by Andrei Vasilevskiy with a rebound.
13:14 of 1st period - Shot by Taylor Hall.
13:14 of 1st period - Shot Misses the Net.
13:16 of 1st period - Shot by Dougie Hamilton.
13:16 of 1st period - Stopped by Jakub Dobes without a rebound.
13:17 of 1st period - Leon Draisaitl wins face-off versus Isac Lundestrom in Penguins zone.
14:19 of 1st period - Icing by Nils Lundkvist.
14:20 of 1st period - Evgeni Malkin wins face-off versus Patrik Laine in Penguins zone.
14:20 of 1st period - Evgeni Malkin is hit by Emil Lilleberg.
14:44 of 1st period - Shot by Nick Suzuki.
14:44 of 1st period - Stopped by Andrei Vasilevskiy with a rebound.
15:27 of 1st period - Icing by Thomas Harley.
15:28 of 1st period - Barrett Hayton wins face-off versus Wyatt Johnston in Devils zone.
15:28 of 1st period - Dylan Guenther is hit by Thomas Harley and loses puck.
16:08 of 1st period - Kevin Korchinski is hit by Mats Zuccarello and loses puck.
16:27 of 1st period - Shot by David Perron.
16:27 of 1st period - Shot Blocked by Damon Severson.
16:30 of 1st period - Icing by Aleksander Barkov.
16:31 of 1st period - Aleksander Barkov wins face-off versus Nicolas Deslauriers in Devils zone.
17:10 of 1st period - Mikhail Sergachev is hit by Nicolas Deslauriers and loses puck.
18:05 of 1st period - Shot by Mathieu Joseph.
18:05 of 1st period - Goal by Mathieu Joseph - Penguins : 0 - Devils : 2.
18:06 of 1st period - Nick Suzuki wins face-off versus Evgeni Malkin in neutral zone.
18:08 of 1st period - Matt Roy is hit by Damon Severson and loses puck.
18:19 of 1st period - Shot by Taylor Hall.
18:19 of 1st period - Stopped by Jakub Dobes without a rebound.
18:20 of 1st period - Barrett Hayton wins face-off versus Aleksander Barkov in Penguins zone.
18:20 of 1st period - Barrett Hayton is hit by Mats Zuccarello.
18:55 of 1st period - Connor Clifton is hit by Barrett Hayton and loses puck.
19:26 of 1st period - Shot by Travis Konecny.
19:26 of 1st period - Shot Blocked by Nick Suzuki.
19:44 of 1st period - Mikhail Sergachev is hit by Nick Suzuki and loses puck.
19:52 of 1st period - Icing by Cale Fleury.
19:53 of 1st period - Nick Suzuki wins face-off versus Casey Cizikas in Penguins zone.
Goals for this period are 0 for Penguins vs 2 for Devils.
Shots for this period are 10 for Penguins vs 11 for Devils.

2nd period


0:01 of 2nd period - Barrett Hayton wins face-off versus Leon Draisaitl in neutral zone.
0:06 of 2nd period - Shot by Dylan Guenther.
0:06 of 2nd period - Stopped by Andrei Vasilevskiy without a rebound.
0:07 of 2nd period - Evgeni Malkin wins face-off versus Nick Suzuki in Devils zone.
0:09 of 2nd period - Icing by Mikhail Sergachev.
0:10 of 2nd period - Evgeni Malkin wins face-off versus Nick Suzuki in Devils zone.
0:31 of 2nd period - Shot by Cole Caufield.
0:31 of 2nd period - Shot Misses the Net.
0:35 of 2nd period - Shot by Patrik Laine.
0:35 of 2nd period - Shot Hit the Post.
0:37 of 2nd period - Shot by Cole Caufield.
0:37 of 2nd period - Shot Blocked by Mikhail Sergachev.
0:39 of 2nd period - Shot by Kevin Korchinski.
0:39 of 2nd period - Shot Blocked by Dougie Hamilton.
1:33 of 2nd period - Shot by Barrett Hayton.
1:33 of 2nd period - Shot Misses the Net.
2:04 of 2nd period - Leon Draisaitl is hit by Cale Fleury and loses puck.
3:13 of 2nd period - Shot by Cole Caufield.
3:13 of 2nd period - Deflect By Nick Suzuki.
3:13 of 2nd period - Stopped by Andrei Vasilevskiy without a rebound.
3:14 of 2nd period - Evgeni Malkin wins face-off versus Nicolas Deslauriers in Devils zone.
3:16 of 2nd period - Icing by Dougie Hamilton.
3:17 of 2nd period - Evgeni Malkin wins face-off versus Nicolas Deslauriers in Devils zone.
3:17 of 2nd period - Taylor Hall is hit by Nicolas Deslauriers and loses puck.
3:45 of 2nd period - Josh Anderson is hit by Mikhail Sergachev and loses puck.
3:48 of 2nd period - Shot by Matt Roy.
3:48 of 2nd period - Shot Misses the Net.
3:50 of 2nd period - Shot by Josh Anderson.
3:50 of 2nd period - Shot Blocked by Dougie Hamilton.
3:52 of 2nd period - Shot by Kevin Korchinski.
3:52 of 2nd period - Deflect By Zach Benson.
3:52 of 2nd period - Shot Misses the Net.
3:54 of 2nd period - Shot by Matt Roy.
3:54 of 2nd period - Stopped by Andrei Vasilevskiy without a rebound.
3:55 of 2nd period - Leon Draisaitl wins face-off versus Nick Suzuki in Devils zone.
3:55 of 2nd period - Leon Draisaitl is hit by Cole Caufield.
3:58 of 2nd period - Minor Penalty to Nick Suzuki for Hooking.
3:59 of 2nd period - Isac Lundestrom wins face-off versus Travis Konecny in Penguins zone.
4:24 of 2nd period - Kevin Korchinski is hit by Travis Konecny and loses puck.
5:25 of 2nd period - Shot by Evgeni Malkin.
5:25 of 2nd period - Shot Misses the Net.
5:27 of 2nd period - Shot by Alexander Wennberg.
5:27 of 2nd period - Shot Misses the Net.
5:29 of 2nd period - Shot by Mats Zuccarello.
5:29 of 2nd period - Stopped by Jakub Dobes with a rebound.
5:31 of 2nd period - Shot by Alexander Wennberg.
5:31 of 2nd period - Stopped by Jakub Dobes without a rebound.
5:32 of 2nd period - Leon Draisaitl wins face-off versus Isac Lundestrom in Penguins zone.
5:44 of 2nd period - Icing by Matt Boldy.
5:45 of 2nd period - Isac Lundestrom wins face-off versus Leon Draisaitl in Devils zone.
6:20 of 2nd period - Off-side.
6:21 of 2nd period - Aleksander Barkov wins face-off versus Barrett Hayton in neutral zone.
7:07 of 2nd period - Aleksander Barkov is hit by Kevin Korchinski.
7:54 of 2nd period - Leon Draisaitl is hit by Emil Lilleberg and loses puck.
8:27 of 2nd period - Shot by Taylor Hall.
8:27 of 2nd period - Stopped by Jakub Dobes without a rebound.
8:28 of 2nd period - Nicolas Deslauriers wins face-off versus Nils Hoglander in Penguins zone.
8:28 of 2nd period - Nicolas Deslauriers is hit by Mathieu Joseph.
8:33 of 2nd period - Icing by Josh Anderson.
8:34 of 2nd period - Aleksander Barkov wins face-off versus Nicolas Deslauriers in Penguins zone.
8:41 of 2nd period - Shot by Mats Zuccarello.
8:41 of 2nd period - Stopped by Jakub Dobes with a rebound.
8:43 of 2nd period - Shot by Aleksander Barkov.
8:43 of 2nd period - Stopped by Jakub Dobes without a rebound.
8:44 of 2nd period - David Perron wins face-off versus Casey Cizikas in Penguins zone.
8:44 of 2nd period - David Perron is hit by Casey Cizikas.
9:05 of 2nd period - Logan O'Connor is hit by Thomas Harley and loses puck.
9:48 of 2nd period - Shot by Matt Boldy.
9:48 of 2nd period - Deflect By Leon Draisaitl.
9:48 of 2nd period - Shot Blocked by Matt Roy.
9:50 of 2nd period - Shot by Travis Konecny.
9:50 of 2nd period - Stopped by Jakub Dobes with a rebound.
11:36 of 2nd period - Dylan Guenther is hit by Damon Severson and loses puck.
11:45 of 2nd period - Shot by Jordan Harris.
11:45 of 2nd period - Shot Misses the Net.
11:57 of 2nd period - Shot by Dylan Guenther.
11:57 of 2nd period - Stopped by Andrei Vasilevskiy with a rebound.
11:59 of 2nd period - Shot by Barrett Hayton.
11:59 of 2nd period - Shot Misses the Net.
12:01 of 2nd period - Shot by Danton Heinen.
12:01 of 2nd period - Shot Misses the Net.
12:03 of 2nd period - Shot by Cale Fleury.
12:03 of 2nd period - Stopped by Andrei Vasilevskiy without a rebound.
12:04 of 2nd period - Nicolas Deslauriers wins face-off versus Leon Draisaitl in Devils zone.
12:49 of 2nd period - Shot by Leon Draisaitl.
12:49 of 2nd period - Shot Misses the Net.
13:20 of 2nd period - Off-side.
13:21 of 2nd period - Aleksander Barkov wins face-off versus Barrett Hayton in neutral zone.
13:37 of 2nd period - Off-side.
13:38 of 2nd period - Nick Suzuki wins face-off versus Evgeni Malkin in neutral zone.
13:53 of 2nd period - Damon Severson is hit by Nick Suzuki and loses puck.
14:36 of 2nd period - Minor Penalty to Travis Konecny for Tripping.
14:37 of 2nd period - Barrett Hayton wins face-off versus Alexander Wennberg in Devils zone.
14:37 of 2nd period - Kevin Korchinski is hit by Dougie Hamilton and loses puck.
14:53 of 2nd period - Shot by Matt Roy.
14:53 of 2nd period - Stopped by Andrei Vasilevskiy without a rebound.
14:54 of 2nd period - Alexander Wennberg wins face-off versus Barrett Hayton in Devils zone.
14:54 of 2nd period - Alexander Wennberg is hit by Danton Heinen.
15:18 of 2nd period - Shot by Dylan Guenther.
15:18 of 2nd period - Shot Misses the Net.
15:20 of 2nd period - Shot by Danton Heinen.
15:20 of 2nd period - Shot Misses the Net.
15:22 of 2nd period - Shot by Emil Lilleberg.
15:22 of 2nd period - Goal by Emil Lilleberg - Penguins : 1 - Devils : 2.
15:23 of 2nd period - Leon Draisaitl wins face-off versus Isac Lundestrom in neutral zone.
15:57 of 2nd period - Off-side.
15:58 of 2nd period - Aleksander Barkov wins face-off versus Nick Suzuki in neutral zone.
16:09 of 2nd period - Shot by Aleksander Barkov.
16:09 of 2nd period - Shot Misses the Net.
16:13 of 2nd period - Shot by Mats Zuccarello.
16:13 of 2nd period - Shot Misses the Net.
16:27 of 2nd period - Shot by Wyatt Johnston.
16:27 of 2nd period - Stopped by Jakub Dobes without a rebound.
16:28 of 2nd period - Leon Draisaitl wins face-off versus Barrett Hayton in Penguins zone.
16:29 of 2nd period - Shot by Travis Konecny.
16:29 of 2nd period - Stopped by Jakub Dobes with a rebound.
16:31 of 2nd period - Shot by Travis Konecny.
16:31 of 2nd period - Shot Misses the Net.
16:40 of 2nd period - Danton Heinen is hit by Damon Severson and loses puck.
16:57 of 2nd period - Shot by Travis Konecny.
16:57 of 2nd period - Stopped by Jakub Dobes with a rebound.
17:03 of 2nd period - Shot by Leon Draisaitl.
17:03 of 2nd period - Deflect By Travis Konecny.
17:03 of 2nd period - Stopped by Jakub Dobes with a rebound.
17:08 of 2nd period - Minor Penalty to Leon Draisaitl for Elbowing.
17:09 of 2nd period - Alexander Wennberg wins face-off versus Nick Suzuki in Devils zone.
18:15 of 2nd period - Shot by Matt Roy.
18:15 of 2nd period - Shot Misses the Net.
18:55 of 2nd period - Cole Caufield is hit by Aleksander Barkov and loses puck.
18:59 of 2nd period - Icing by Emil Lilleberg.
19:00 of 2nd period - Nick Suzuki wins face-off versus Alexander Wennberg in Penguins zone.
19:07 of 2nd period - Shot by Nick Suzuki.
19:07 of 2nd period - Shot Misses the Net.
19:25 of 2nd period - Shot by Zach Benson.
19:25 of 2nd period - Stopped by Andrei Vasilevskiy without a rebound.
19:26 of 2nd period - Aleksander Barkov wins face-off versus Isac Lundestrom in Devils zone.
Goals for this period are 1 for Penguins vs 0 for Devils.
Shots for this period are 8 for Penguins vs 10 for Devils.

3rd period


0:01 of 3rd period - Leon Draisaitl wins face-off versus Barrett Hayton in neutral zone.
0:01 of 3rd period - Dougie Hamilton is hit by Dylan Guenther.
0:03 of 3rd period - Shot by Matt Boldy.
0:03 of 3rd period - Stopped by Jakub Dobes without a rebound.
0:04 of 3rd period - Barrett Hayton wins face-off versus Leon Draisaitl in Penguins zone.
0:06 of 3rd period - Icing by Dylan Guenther.
0:07 of 3rd period - Leon Draisaitl wins face-off versus Barrett Hayton in Penguins zone.
0:14 of 3rd period - Shot by Matt Boldy.
0:14 of 3rd period - Shot Misses the Net.
0:40 of 3rd period - Danton Heinen is hit by Matt Boldy and loses puck.
0:45 of 3rd period - Shot by Leon Draisaitl.
0:45 of 3rd period - Stopped by Jakub Dobes without a rebound.
0:46 of 3rd period - Aleksander Barkov wins face-off versus Nick Suzuki in Penguins zone.
0:57 of 3rd period - Shot by Mats Zuccarello.
0:57 of 3rd period - Shot Blocked by Emil Lilleberg.
0:59 of 3rd period - Shot by Aleksander Barkov.
0:59 of 3rd period - Shot Blocked by Nils Lundkvist.
1:01 of 3rd period - Shot by Damon Severson.
1:01 of 3rd period - Stopped by Jakub Dobes without a rebound.
1:02 of 3rd period - Evgeni Malkin wins face-off versus Nicolas Deslauriers in Penguins zone.
1:02 of 3rd period - Alexander Wennberg is hit by Cale Fleury and loses puck.
1:15 of 3rd period - Shot by Zach Benson.
1:15 of 3rd period - Shot Misses the Net.
2:21 of 3rd period - Shot by Aleksander Barkov.
2:21 of 3rd period - Deflect By Mats Zuccarello.
2:21 of 3rd period - Shot Blocked by Matt Roy.
2:47 of 3rd period - Kevin Korchinski is hit by Aleksander Barkov and loses puck.
2:58 of 3rd period - Damon Severson is hit by Nick Suzuki.
3:09 of 3rd period - Icing by Matt Roy.
3:10 of 3rd period - Nick Suzuki wins face-off versus Casey Cizikas in Penguins zone.
3:28 of 3rd period - Icing by Thomas Harley.
3:29 of 3rd period - Casey Cizikas wins face-off versus Barrett Hayton in Devils zone.
3:51 of 3rd period - Nils Hoglander is hit by Danton Heinen and loses puck.
4:04 of 3rd period - Shot by Danton Heinen.
4:04 of 3rd period - Shot Blocked by Thomas Harley.
4:06 of 3rd period - Shot by Barrett Hayton.
4:06 of 3rd period - Stopped by Andrei Vasilevskiy without a rebound.
4:07 of 3rd period - Isac Lundestrom wins face-off versus Leon Draisaitl in Devils zone.
4:20 of 3rd period - Shot by Travis Konecny.
4:20 of 3rd period - Shot Misses the Net.
4:33 of 3rd period - Mikhail Sergachev is hit by Cale Fleury and loses puck.
4:36 of 3rd period - Shot by Travis Konecny.
4:36 of 3rd period - Shot Blocked by Logan O'Connor.
6:32 of 3rd period - Icing by Kevin Korchinski.
6:33 of 3rd period - Casey Cizikas wins face-off versus Nick Suzuki in Penguins zone.
6:33 of 3rd period - Dougie Hamilton is hit by Matt Roy and loses puck.
6:42 of 3rd period - Shot by Mathieu Joseph.
6:42 of 3rd period - Stopped by Jakub Dobes without a rebound.
6:43 of 3rd period - Nicolas Deslauriers wins face-off versus Matt Boldy in Penguins zone.
6:43 of 3rd period - Nicolas Deslauriers is hit by Leon Draisaitl.
7:05 of 3rd period - Shot by Zach Benson.
7:05 of 3rd period - Stopped by Andrei Vasilevskiy with a rebound.
7:47 of 3rd period - Danton Heinen is hit by Travis Konecny and loses puck.
8:06 of 3rd period - Shot by Dylan Guenther.
8:06 of 3rd period - Stopped by Andrei Vasilevskiy without a rebound.
8:07 of 3rd period - Nick Suzuki wins face-off versus Evgeni Malkin in Devils zone.
8:20 of 3rd period - Shot by Cole Caufield.
8:20 of 3rd period - Shot Misses the Net.
8:22 of 3rd period - Shot by Patrik Laine.
8:22 of 3rd period - Shot Misses the Net.
8:24 of 3rd period - Shot by Nils Lundkvist.
8:24 of 3rd period - Shot Blocked by Thomas Harley.
8:26 of 3rd period - Shot by Patrik Laine.
8:26 of 3rd period - Shot Misses the Net.
8:39 of 3rd period - Shot by Cole Caufield.
8:39 of 3rd period - Deflect By Patrik Laine.
8:39 of 3rd period - Stopped by Andrei Vasilevskiy without a rebound.
8:40 of 3rd period - Mats Zuccarello wins face-off versus Barrett Hayton in Devils zone.
8:40 of 3rd period - Mats Zuccarello is hit by Dylan Guenther.
9:01 of 3rd period - Danton Heinen is hit by Connor Clifton and loses puck.
9:31 of 3rd period - Icing by Jake Middleton.
9:32 of 3rd period - Nick Suzuki wins face-off versus Mats Zuccarello in Devils zone.
9:38 of 3rd period - Nick Suzuki is hit by Connor Clifton and loses puck.
9:48 of 3rd period - Cole Caufield is hit by Connor Clifton and loses puck.
10:05 of 3rd period - Shot by Cole Caufield.
10:05 of 3rd period - Stopped by Andrei Vasilevskiy without a rebound.
10:06 of 3rd period - Isac Lundestrom wins face-off versus Leon Draisaitl in Devils zone.
10:14 of 3rd period - Icing by Mikhail Sergachev.
10:15 of 3rd period - Leon Draisaitl wins face-off versus Barrett Hayton in Devils zone.
10:37 of 3rd period - Shot by Travis Konecny.
10:37 of 3rd period - Shot Misses the Net.
10:39 of 3rd period - Shot by Leon Draisaitl.
10:39 of 3rd period - Shot Misses the Net.
10:41 of 3rd period - Shot by Mikhail Sergachev.
10:41 of 3rd period - Shot Blocked by Kevin Korchinski.
10:43 of 3rd period - Shot by Matt Boldy.
10:43 of 3rd period - Shot Misses the Net.
10:53 of 3rd period - Shot by Matt Boldy.
10:53 of 3rd period - Shot Blocked by Danton Heinen.
10:55 of 3rd period - Shot by Leon Draisaitl.
10:55 of 3rd period - Shot Misses the Net.
10:57 of 3rd period - Shot by Travis Konecny.
10:57 of 3rd period - Shot Blocked by Matt Roy.
11:34 of 3rd period - Shot by Nils Hoglander.
11:34 of 3rd period - Stopped by Jakub Dobes without a rebound.
11:35 of 3rd period - Aleksander Barkov wins face-off versus Nick Suzuki in Penguins zone.
12:07 of 3rd period - Cole Caufield is hit by Jake Middleton and loses puck.
12:49 of 3rd period - Shot by Travis Konecny.
12:49 of 3rd period - Stopped by Jakub Dobes without a rebound.
12:50 of 3rd period - Isac Lundestrom wins face-off versus Evgeni Malkin in Penguins zone.
14:03 of 3rd period - Off-side.
14:04 of 3rd period - Dylan Guenther wins face-off versus Casey Cizikas in neutral zone.
14:14 of 3rd period - Shot by Casey Cizikas.
14:14 of 3rd period - Shot Misses the Net.
14:33 of 3rd period - Icing by Kevin Korchinski.
14:34 of 3rd period - Barrett Hayton wins face-off versus Leon Draisaitl in Penguins zone.
14:43 of 3rd period - Leon Draisaitl is hit by Matt Roy and loses puck.
14:58 of 3rd period - Shot by Matt Boldy.
14:58 of 3rd period - Shot Misses the Net.
15:00 of 3rd period - Shot by Travis Konecny.
15:00 of 3rd period - Stopped by Jakub Dobes without a rebound.
15:01 of 3rd period - Aleksander Barkov wins face-off versus Nick Suzuki in Penguins zone.
15:20 of 3rd period - Shot by Wyatt Johnston.
15:20 of 3rd period - Shot Blocked by Patrik Laine.
15:22 of 3rd period - Shot by Wyatt Johnston.
15:22 of 3rd period - Deflect By Mats Zuccarello.
15:22 of 3rd period - Stopped by Jakub Dobes without a rebound.
15:23 of 3rd period - Leon Draisaitl wins face-off versus Logan O'Connor in Penguins zone.
15:54 of 3rd period - Jordan Harris is hit by Travis Konecny and loses puck.
16:02 of 3rd period - Minor Penalty to Jordan Harris for Roughing.
16:03 of 3rd period - Isac Lundestrom wins face-off versus Evgeni Malkin in Penguins zone.
16:09 of 3rd period - Icing by Dougie Hamilton.
16:10 of 3rd period - Evgeni Malkin wins face-off versus Isac Lundestrom in Devils zone.
16:21 of 3rd period - Shot by Mats Zuccarello.
16:21 of 3rd period - Stopped by Jakub Dobes with a rebound.
16:23 of 3rd period - Shot by Aleksander Barkov.
16:23 of 3rd period - Deflect By Mats Zuccarello.
16:23 of 3rd period - Shot Misses the Net.
16:25 of 3rd period - Shot by Aleksander Barkov.
16:25 of 3rd period - Goal by Aleksander Barkov - Penguins : 1 - Devils : 3.
16:26 of 3rd period - Travis Konecny wins face-off versus Nick Suzuki in neutral zone.
16:37 of 3rd period - Shot by Nick Suzuki.
16:37 of 3rd period - Shot Misses the Net.
16:54 of 3rd period - Icing by Nils Lundkvist.
16:55 of 3rd period - Nick Suzuki wins face-off versus Aleksander Barkov in Penguins zone.
16:55 of 3rd period - Nick Suzuki is hit by Mats Zuccarello.
17:08 of 3rd period - Minor Penalty to Wyatt Johnston for High sticking.
17:09 of 3rd period - Barrett Hayton wins face-off versus Aleksander Barkov in Devils zone.
17:14 of 3rd period - Shot by Kevin Korchinski.
17:14 of 3rd period - Deflect By Dylan Guenther.
17:14 of 3rd period - Stopped by Andrei Vasilevskiy with a rebound.
17:24 of 3rd period - Shot by Matt Roy.
17:24 of 3rd period - Stopped by Andrei Vasilevskiy with a rebound.
17:32 of 3rd period - Shot by Barrett Hayton.
17:32 of 3rd period - Shot Misses the Net.
17:34 of 3rd period - Shot by Barrett Hayton.
17:34 of 3rd period - Shot Blocked by Thomas Harley.
17:46 of 3rd period - Shot by Barrett Hayton.
17:46 of 3rd period - Stopped by Andrei Vasilevskiy without a rebound.
17:47 of 3rd period - Nick Suzuki wins face-off versus Alexander Wennberg in Devils zone.
17:54 of 3rd period - Shot by Nick Suzuki.
17:54 of 3rd period - Shot Misses the Net.
17:56 of 3rd period - Shot by Cole Caufield.
17:56 of 3rd period - Stopped by Andrei Vasilevskiy without a rebound.
17:57 of 3rd period - Nick Suzuki wins face-off versus Alexander Wennberg in Devils zone.
18:38 of 3rd period - Shot by Cole Caufield.
18:38 of 3rd period - Shot Blocked by Dougie Hamilton.
19:16 of 3rd period - Shot by Leon Draisaitl.
19:16 of 3rd period - Stopped by Jakub Dobes without a rebound.
19:17 of 3rd period - Leon Draisaitl wins face-off versus Barrett Hayton in Penguins zone.
Goals for this period are 0 for Penguins vs 1 for Devils.
Shots for this period are 9 for Penguins vs 11 for Devils.